 Dungeon Crawl Stone Soup version 0.27.1-33-g824d729ab1 (webtiles) character file.

Game seed: 11429475513531682004

56737 13raion the Severer (level 14, -22/141 HPs)
             Began as a Minotaur Berserker on Dec 4, 2021.
             Was a High Priest of Trog.
             Annihilated by an enormous slime creature (51 damage)
             ... on level 13 of the Dungeon.
             The game lasted 01:00:39 (16121 turns).

13raion the Severer (Minotaur Berserker)           Turns: 16121, Time: 01:00:40

Health: -22/141    AC: 22    Str: 33    XL:     14   Next: 43%
Magic:  13/13      EV:  9    Int:  4    God:    Trog [*****.]
Gold:   1591       SH:  0    Dex: 13    Spells: 13/13 levels left

rFire    . . .     SeeInvis .   H - +5 battleaxe (elec)
rCold    . . .     Faith    .   (shield currently unavailable)
rNeg     . . .     Spirit   .   p - +2 plate armour
rPois    +         Reflect  .   (helmet restricted)
rElec    .         Harm     .   (no cloak)
rCorr    .         Rampage  .   C - +0 pair of gloves {Dex+3}
Will     +++..                  J - +2 pair of boots
Stlth    ..........             b - amulet of regeneration
HPRegen  2.33/turn              g - ring of poison resistance
MPRegen  0.13/turn              A - +6 ring of strength

@: strong-willed, regenerating
A: horns 2, retaliatory headbutt, subdued magic 1
a: Renounce Religion, Berserk, Trog's Hand, Brothers in Arms


You were on level 13 of the Dungeon.
You worshipped Trog.
Trog was extremely pleased with you.
You visited 3 branches of the dungeon, and saw 21 of its levels.
You also visited: Sewer.

You collected 1771 gold pieces.
You spent 180 gold pieces at shops.

Inventory:

Hand Weapons
 a - a +0 hand axe of draining
 G - a +2 war axe
 H - a +5 battleaxe of electrocution (weapon)
 Q - a +4 antimagic battleaxe
 T - the +3 falchion of Viohus {vorpal, *Rage Will+ Str+3 Dex+3}
   (Trog gifted it to you on level 12 of the Dungeon)

   It inflicts extra damage upon your enemies.
   Str:       It affects your strength (+3).
   Dex:       It affects your dexterity (+3).
   *Rage:     It may make you go berserk in combat.
   Will:      It increases your willpower.
Armour
 p - a +2 plate armour (worn)
 C - a +0 pair of gloves of dexterity (worn)
 J - a +2 pair of boots (worn)
Jewellery
 b - an amulet of regeneration (around neck)
 g - a ring of poison resistance (left hand)
 h - a ring of flight
 o - a ring of protection from fire
 y - a +6 ring of dexterity
 A - a +6 ring of strength (right hand)
 D - a ring of willpower
 E - an amulet of the acrobat
 K - an amulet of magic regeneration
 M - a ring of ice
 N - an amulet of faith
 S - a ring of ice
 V - a ring of protection from cold
Wands
 d - a wand of mindburst (31)
 r - a wand of iceblast (15)
 s - a wand of acid (10)
 t - a wand of flame (39)
 w - a wand of digging (3)
 L - a wand of paralysis (30)
 O - a wand of charming (1)
Scrolls
 l - 3 scrolls of teleportation
 u - 2 scrolls of enchant armour
 F - 3 scrolls of magic mapping
 I - 3 scrolls of identify
 R - 3 scrolls of blinking
 U - a scroll of holy word
Potions
 c - 5 potions of attraction
 e - 3 potions of cancellation
 f - 3 potions of heal wounds
 i - 3 potions of flight
 j - 2 potions of ambrosia
 k - 3 potions of brilliance
 m - 8 potions of curing
 n - 5 potions of might
 q - a potion of mutation
 v - a potion of berserk rage
 x - 2 potions of degeneration
 z - 3 potions of lignification
 B - 3 potions of haste
 W - a potion of invisibility {unknown}
Miscellaneous
 P - a condenser vane


   Skills:
 * Level 17.9 Fighting
 + Level 19.2 Axes
 + Level 12.7 Armour
 - Level 2.1 Dodging
 - Level 0.1 Evocations


You had 13 spell levels left.
You didn't know any spells.
Your spell library was empty.

Dungeon Overview and Level Annotations

Branches:
Dungeon (13/15)            Temple (0/1) D:7            Lair (6/6) D:10
  Swamp (0/4) Lair:2        Snake (0/4) Lair:3        Slime (0/5) Lair:6
    Orc (2/2) D:9             Elf (0/3) Orc:2         Sewer (visited)
 Vaults: D:13-14

Altars:
Ashenzari
Cheibriados
Elyvilon
Gozag
Kikubaaqudgha
Makhleb
Okawaru
Uskayaw
Yredelemnul
The Shining One
Beogh
Jiyva
Lugonu

Shops:
D:3 [   D:12 [   Orc:1 ?   Orc:2 (:(?[

Portals:
Abyss: Lair:6

Annotations:
D:8 1 runed translucent door
Lair:1 exclusion: 2 oklob plants
Lair:5 1 runed translucent door, exclusion: oklob plant


Innate Abilities, Weirdness & Mutations

You have a pair of horns on your head.
You reflexively headbutt those who attack you in melee.
Your spells are a little easier to cast, but a little less powerful.


Message History

The very large slime creature is moderately wounded.
The very large slime creature barely misses you.
You barely miss the very large slime creature.
The very large slime creature is moderately wounded.
Two slime creatures merge to form a titanic slime creature.
A slime creature comes into view.
The very large slime creature hits you!!
You slice the very large slime creature!!
You headbutt the very large slime creature!
The very large slime creature is moderately wounded.
You slice the very large slime creature!!
Lightning courses through the very large slime creature!
The very large slime creature is severely wounded.
A slime creature comes into view.
The very large slime creature hits you!
A titanic slime creature splits.
You hit the very large slime creature.
You headbutt the very large slime creature!
The very large slime creature is severely wounded.
The very large slime creature hits you!!!
You slice the very large slime creature!!
Lightning courses through the very large slime creature!
You headbutt the very large slime creature!
The very large slime creature is almost dead.
A slime creature comes into view.
The very large slime creature hits you!!
Two slime creatures merge to form an enormous slime creature.
You open the very large slime creature like a pillowcase!!!
You kill the very large slime creature!
Trog accepts your kill.
Two slime creatures merge to form a large slime creature.
Two slime creatures merge to form a very large slime creature.
Two slime creatures merge to form an enormous slime creature.
Two slime creatures merge to form a titanic slime creature.
Your skin crawls.
You feel strong-willed.
The enormous slime creature hits you but does no damage.
The enormous slime creature hits you!!!
* * * LOW HITPOINT WARNING * * *
You feel much better. The enormous slime creature hits you!!!
You die...

# #.# #.# #. #.#
#.#
##.#####.######.#
..........J.....#
.........J#####.#
..........# #.#
..........# #O#
..........# #J#
.........<# #@#
..........# #.#
..........# #.#
..........# #.#
..........# #.#
..........# #.#
###..>....# #.#
#.......# #.#
#.......#


You could see an enormous slime creature and a two-headed ogre.

Vanquished Creatures
  A fire dragon (Lair:3)
  Erolcha (D:11)
  4 hydras
  2 boulder beetles
  2 death yaks (Lair:4)
  3 orc high priests
  3 thrashing horrors (Lair:6)
  Nergalle (Lair:4)
  A fire crab (shapeshifter) (Lair:6)
  5 orc knights
  A deep elf pyromancer (D:12)
  An oklob plant (Lair:2)
  5 orc sorcerers
  3 ugly things
  A cyclops (D:12)
  Maurice (Orc:1)
  2 elephants (Lair:4)
  10 cane toads
  6 black mambas
  A smoke demon (Lair:6)
  2 rime drakes
  8 komodo dragons
  2 trolls
  A freezing wraith (D:12)
  An ancient zyme (Lair:6)
  A hornet (D:11)
  3 polar bears
  Grinder (D:6)
  13 blink frogs
  4 slime creatures
  Sigmund (D:5)
  14 yaks
  3 shadows
  A spriggan (Lair:6)
  A vampire (D:12)
  A ynoxinul (Lair:6)
  4 wraiths
  4 wyverns
  6 basilisks
  3 chaos spawn (Lair:6)
  A steam dragon (D:9)
  Menkaure (D:5)
  15 vampire mosquitoes
  A large abomination (Lair:6)
  3 nagas (Lair:3)
  2 wargs (Orc:1)
  16 water moccasins
  12 small abominations (Lair:6)
  An ice beast (D:6)
  21 orc warriors
  A sky beast (D:6)
  A black bear (D:7)
  A hornet zombie (D:8)
  11 wolves (Lair:1)
  2 necrophages (D:6)
  7 ogres
  7 centaurs
  3 kobold brigands
  16 bullfrogs
  A gnoll sergeant (D:12)
  A scorpion (shapeshifter) (Lair:6)
  10 scorpions
  A water moccasin skeleton (D:6)
  4 killer bees (D:9)
  7 electric eels
  8 wights
  3 howler monkeys
  The ghost of ANNNA the Firebug, a weakling DEFE (D:3)
  2 quasits (D:3)
  4 hounds
  3 centaur zombies
  20 orc priests
  A centaur skeleton (D:7)
  4 jellies
  6 hell rats
  2 iguanas
  23 orc wizards
  A killer bee zombie (D:9)
  A hound skeleton (D:4)
  A howler monkey zombie (D:10)
  8 gnolls
  A howler monkey skeleton (D:7)
  2 river rats (Sewer)
  9 adders
  2 shadow imps
  2 white imps (D:8)
  3 ufetubi
  A worm (D:4)
  2 dart slugs
  56 orcs
  3 bats
  4 endoplasms
  11 giant cockroaches
  9 hobgoblins
  16 jackals
  27 kobolds
  5 quokkas
  4 ball pythons
  3 frilled lizards
  13 goblins
  11 rats
  A bush (Lair:2)
  3 butterflies (D:8)
550 creatures vanquished.

Vanquished Creatures (collateral kills)
  Nessos (Lair:4)
  The ghost of chujev the Fighter, a journeyman DrTm of Sif Muna (Lair:1)
  2 hydras
  A catoblepas (Lair:4)
  3 death yaks (Lair:6)
  A guardian serpent (shapeshifter) (Lair:6)
  3 elephants (Lair:4)
  An ancient zyme (Lair:6)
  A spriggan (Lair:6)
  2 hell rats (Lair:6)
16 creatures vanquished.

Vanquished Creatures (others)
  A killer bee (D:9)
  29 fungi
  60 plants
90 creatures vanquished.

Grand Total: 656 creatures vanquished

Notes
Turn   | Place    | Note
-------+----------+-------------------------------------------
     0 | D:1      | 13raion the Minotaur Berserker began the quest for the Orb.
     0 | D:1      | Reached XP level 1. HP: 19/19 MP: 0/0
     1 | D:1      | Found a runed translucent door.
   181 | D:1      | Reached skill level 4 in Axes
   187 | D:1      | Reached XP level 2. HP: 27/27 MP: 1/1
   427 | D:1      | Reached ** piety under Trog
   551 | D:1      | Reached XP level 3. HP: 30/34 MP: 2/2
  1050 | D:2      | Found a faded altar of an unknown god.
  1263 | D:2      | Reached skill level 5 in Axes
  1405 | D:3      | Reached XP level 4. HP: 41/41 MP: 3/3
  1459 | D:3      | Found a transporter.
  1463 | D:3      | Noticed ANNNA's ghost (weakling DEFE)
  1491 | D:3      | Found a glowing drain.
  1504 | Sewer    | Entered a sewer
  1519 | Sewer    | Reached skill level 5 in Fighting
  1640 | Sewer    | Noticed a kobold brigand
  1649 | Sewer    | Killed a kobold brigand
  1650 | Sewer    | Reached skill level 6 in Axes
  1650 | Sewer    | Reached XP level 5. HP: 42/48 MP: 4/4
  1703 | Sewer    | Found a white marble altar of Elyvilon.
  1754 | D:3      | Found an ancient bone altar of Kikubaaqudgha.
  1784 | D:3      | Reached *** piety under Trog
  1837 | D:3      | Found Fyhecun's Armour Shop.
  1946 | D:3      | Found an opulent altar of Gozag.
  2088 | D:3      | Found a transporter.
  2278 | D:3      | Found a white marble altar of Elyvilon.
  2335 | D:3      | Found a basalt altar of Yredelemnul.
  2409 | D:3      | Reached skill level 7 in Axes
  2409 | D:3      | Reached XP level 6. HP: 53/53 MP: 5/5
  2805 | D:4      | Found a hide-covered altar of Uskayaw.
  2834 | D:4      | Found a snail-covered altar of Cheibriados.
  2910 | D:4      | You are sucked into a shaft and drop 2 floors!
  3000 | D:6      | Reached skill level 8 in Axes
  3009 | D:6      | Reached XP level 7. HP: 63/63 MP: 6/6
  3153 | D:5      | Entered Level 5 of the Dungeon
  3194 | D:5      | Noticed Sigmund
  3205 | D:5      | Killed Sigmund
  3206 | D:5      | Reached skill level 9 in Axes
  3282 | D:4      | Reached **** piety under Trog
  3590 | D:5      | Noticed Menkaure
  3593 | D:5      | Found a burning altar of Makhleb.
  3597 | D:5      | Killed Menkaure
  3598 | D:5      | Reached skill level 10 in Axes
  3598 | D:5      | Reached XP level 8. HP: 31/73 MP: 7/7
  4044 | D:6      | Noticed Grinder
  4056 | D:6      | Killed Grinder
  4057 | D:6      | Reached skill level 11 in Axes
  4675 | D:3      | Killed ANNNA's ghost
  4679 | D:3      | Reached XP level 9. HP: 83/83 MP: 8/8
  4816 | D:7      | Identified the +1 pair of boots of Tireysel {*Slow Int+2
                  | Stlth+}
  4997 | D:7      | Found a staircase to the Ecumenical Temple.
  5158 | D:7      | Reached skill level 12 in Axes
  5917 | D:8      | Found a runed translucent door.
  5919 | D:8      | Found a runed translucent door.
  5925 | D:8      | Reached skill level 10 in Fighting
  5944 | D:8      | Reached ***** piety under Trog
  5945 | D:8      | Reached skill level 5 in Armour
  6004 | D:8      | Reached skill level 13 in Axes
  6353 | D:9      | Found a staircase to the Orcish Mines.
  6387 | D:9      | Reached XP level 10. HP: 72/94 MP: 9/9
  6753 | D:9      | Found a glowing golden altar of the Shining One.
  7332 | D:10     | Entered Level 10 of the Dungeon
  7375 | D:10     | Found a staircase to the Lair.
  7412 | D:10     | Reached skill level 14 in Axes
  7935 | D:10     | Found an iron altar of Okawaru.
  8077 | Lair:1   | Entered Level 1 of the Lair of Beasts
  8091 | Lair:1   | Reached XP level 11. HP: 82/104 MP: 10/10
  8331 | Lair:1   | Reached skill level 15 in Axes
  8596 | Lair:1   | Reached ****** piety under Trog
  8660 | Lair:1   | Found a runed translucent door.
  8661 | Lair:1   | Noticed chujev's ghost (journeyman DrTm)
  8813 | Lair:1   | Noticed an oklob plant
  8813 | Lair:1   | Noticed an oklob plant
  8865 | Lair:1   | Killed chujev's ghost
  8868 | Lair:1   | Identified the +9 shortbow of Baree {speed, rF+}
  8961 | Lair:2   | Found a staircase to the Swamp.
  9158 | Lair:2   | Noticed an oklob plant
  9162 | Lair:2   | Killed an oklob plant
  9424 | Lair:2   | Received a gift from Trog
  9738 | Lair:3   | Found a staircase to the Snake Pit.
  9870 | Lair:3   | Noticed a seven-headed hydra
  9952 | Lair:3   | Reached skill level 16 in Axes
 10121 | Lair:3   | Noticed an eight-headed hydra
 10125 | Lair:3   | Noticed a fire dragon
 10125 | Lair:3   | an eight-headed hydra changed into a fire dragon
 10133 | Lair:3   | Killed a fire dragon
 10227 | Lair:3   | Noticed a five-headed hydra
 10237 | Lair:3   | Killed an eight-headed hydra
 10239 | Lair:3   | Killed a six-headed hydra
 10240 | Lair:3   | Reached XP level 12. HP: 69/115 MP: 11/11
 10731 | Lair:4   | Noticed an eight-headed hydra
 10737 | Lair:4   | Killed a nine-headed hydra
 10883 | Lair:4   | Noticed Nergalle
 10891 | Lair:4   | Killed Nergalle
 10943 | Lair:4   | Noticed a catoblepas
 10943 | Lair:4   | Noticed an eight-headed hydra
 10944 | Lair:4   | Noticed a death yak
 10948 | Lair:4   | Killed a catoblepas
 10952 | Lair:4   | Killed an 11-headed hydra
 10957 | Lair:4   | Killed a death yak
 10961 | Lair:4   | Reached skill level 10 in Armour
 11047 | Lair:4   | Noticed Nessos
 11073 | Lair:4   | Killed Nessos
 11074 | Lair:4   | Reached skill level 17 in Axes
 11202 | Lair:4   | Noticed a seven-headed hydra
 11202 | Lair:4   | Noticed a death yak
 11217 | Lair:4   | Killed a death yak
 11342 | Lair:4   | Noticed a six-headed hydra
 11342 | Lair:4   | Noticed a six-headed hydra
 11343 | Lair:4   | Noticed a five-headed hydra
 11390 | Lair:5   | Reached skill level 15 in Fighting
 11469 | Lair:5   | Found a broken altar of Ashenzari.
 11607 | Lair:5   | Noticed a six-headed hydra
 11625 | Lair:5   | Found a runed translucent door.
 11678 | Lair:5   | Noticed a seven-headed hydra
 11785 | Lair:5   | Noticed an eight-headed hydra
 11815 | Lair:6   | Entered Level 6 of the Lair of Beasts
 11826 | Lair:6   | Reached XP level 13. HP: 127/127 MP: 12/12
 12405 | Lair:6   | Found a viscous altar of Jiyva.
 12405 | Lair:6   | Found a staircase to the Slime Pits.
 12679 | Lair:6   | Received a gift from Trog
 12844 | Lair:6   | Reached skill level 18 in Axes
 13014 | Lair:6   | Found a corrupted altar of Lugonu.
 13014 | Lair:6   | Found a one-way gate to the infinite horrors of the Abyss.
 13580 | Orc:1    | Entered Level 1 of the Orcish Mines
 13678 | Orc:1    | Noticed Maurice
 13704 | Orc:1    | Killed Maurice
 13780 | Orc:1    | Found Ytaxor's Magic Scroll Shoppe.
 13908 | Orc:2    | Entered Level 2 of the Orcish Mines
 13908 | Orc:2    | Found a staircase to the Elven Halls.
 14041 | Orc:2    | Received a gift from Trog
 14185 | Orc:2    | Reached XP level 14. HP: 75/140 MP: 13/13
 14678 | Orc:2    | Found Poytun's Book Shop.
 14678 | Orc:2    | Found Untaf's Antique Weapon Emporium.
 14680 | Orc:2    | Found Cogor's Magic Scroll Shop.
 14680 | Orc:2    | Found Ipnaggut's Weapon Emporium.
 14688 | Orc:2    | Bought a scroll of blinking for 90 gold pieces
 14688 | Orc:2    | Bought a scroll of blinking for 90 gold pieces
 14724 | Orc:2    | Found Ygaxud's Antique Armour Shoppe.
 14937 | D:11     | Noticed Erolcha
 14943 | D:11     | Killed Erolcha
 15252 | D:12     | Gained mutation: Your spells are a little easier to cast,
                  | but a little less powerful. [potion of mutation]
 15271 | D:12     | Identified the +3 falchion of Viohus {vorpal, *Rage Will+
                  | Str+3 Dex+3} (Trog gifted it to you on level 12 of the
                  | Dungeon)
 15271 | D:12     | Received a gift from Trog
 15314 | D:12     | Reached skill level 19 in Axes
 15711 | D:12     | Found Igoklar's Antique Armour Shop.
 15908 | D:12     | Found a hide-covered altar of Uskayaw.
 16121 | D:13     | Annihilated by an enormous slime creature

Illustrated notes

Levels and vault maps discovered:
D:1:      dpeg_arrival_caged_fury, layout_rooms, hangedman_decor_push,
          amcnicky_mini_corridor_feature
D:2:      layout_loops_cross, basic_ecumenical_altar
D:3:      layout_basic, mainiacjoe_overflow_catch_the_wave,
          kennysheep_ying_yang, gammafunk_ghost_stat_death,
          portal_sewer_entry_f, serial_shops, nicolae_shop_stone
D:4:      layout_rooms, mainiacjoe_overflow_six_doors_small, cheibriados_altar_1
D:5:      layout_basic, lemuel_tele_altar, uniq_menkaure, uniq_sigmund
D:6:      layout_basic, amcnicky_mini_rare_corridor_liquid,
          chequers_serial_rivers_large_a, minmay_fountain_box, uniq_grinder
D:7:      layout_loops_ring, minmay_temple_entry_grid
D:8:      lemuel_insect_pit, layout_gridville, kennysheep_diamond
D:9:      corexii_shack_village, layout_irregular_city, amcnicky_altar_gilded,
          minmay_orc_entry_temple_small
D:10:     layout_roguey, okawaru_metal_pillars_1_2, due_lair_maze_entry_diamond,
          serial_rivers, chequers_serial_rivers_micro_d,
          chequers_serial_rivers_small_a, chequers_serial_rivers_micro_d,
          chequers_serial_rivers_micro_e, chequers_serial_rivers_micro_a
D:11:     layout_rooms, uniq_erolcha
D:12:     layout_basic, serial_shops, nicolae_shop_window_shopping,
          nicolae_uskayaw_en_pointe
D:13:     layout_small_grid, david_vaults_1
Lair:1:   layout_small_grid, gammafunk_ghost_grave, minmay_lair_oklob_chamber
Lair:2:   layout_loops_ring, minmay_swamp_entry_eels
Lair:3:   layout_regular_city, guppyfry_snake_entry_garden,
          nicolae_quartered_pool_medium, minmay_holes,
          infiniplex_staircase_pool_2
Lair:4:   layout_hall_layers, minmay_shattered_shrine, uniq_nessos,
          uniq_nergalle
Lair:5:   gammafunk_indiana_jones, layout_regular_city, lemuel_oklob_altar,
          serial_bayou_shore_a, infiniplex_staircase_pool, grunt_megastairs_4
Lair:6:   hellmonk_lair_end_abyssal_woods, layout_gridlike,
          dpeg_slime_entry_enclosed_altar, lemuel_fruit_fields,
          lemuel_fruit_tree
Orc:1:    layout_caves, basic_altar, serial_shops, nicolae_diamond_shop,
          uniq_snorg, uniq_maurice
Orc:2:    grunt_orc_tribal_feast, layout_caves, serial_shops,
          nicolae_shop_overgrown_old_shop

Skill      XL: |  1  2  3  4  5  6  7  8  9 10 11 12 13 14 |
---------------+-------------------------------------------+-----
Fighting       | 4 5 6 7 9 10 12 13 15 17 | 17.9
Axes           | 4 5 6 7 8 10 11 13 14 16 17 18 19 | 19.2
Armour         | 3 5 7 9 11 12 | 12.7
Dodging        | |  2.1
Evocations     | |  0.1

Action                   |  1- 3 |  4- 6 |  7- 9 | 10-12 | 13-15 || total
-------------------------+-------+-------+-------+-------+-------++-------
Melee: Hand axe          |    91 |   122 |   209 |       |       ||   422
       Headbutt          |     7 |    16 |    73 |    83 |   106 ||   285
       Battleaxe         |       |       |   100 |   364 |   370 ||   834
Invok: Trog's Hand       |       |     1 |     1 |     1 |     3 ||     6
       Berserk           |       |     1 |       |     1 |       ||     2
       Brothers in Arms  |       |       |       |     5 |     1 ||     6
Evoke: Wand              |       |       |     2 |    22 |     1 ||    25
  Use: Scroll            |     3 |     2 |    10 |    10 |     4 ||    29
       Potion            |       |       |       |     1 |     2 ||     3
Armor: Chain mail        |    61 |    32 |       |       |       ||    93
       Plate armour      |       |    31 |   188 |   391 |   273 ||   883
Dodge: Dodged            |    48 |    45 |   109 |   218 |   216 ||   636
